 Dungeon Crawl Stone Soup version 0.25-a0-1024-gbfbf38f2cb (webtiles) character file.

Game seed: 101658084484930974, levelgen mode: deterministic

670 MisterFreud the Slasher (level 7, -13/72 HPs)
             Began as an Octopode Gladiator on May 12, 2020.
             Was an Initiate of Cheibriados.
             Killed from afar by an orc (16 damage)
             ... with an exploding inner flame
             ... hexed by the player character
             ... on level 4 of the Dungeon.
             The game lasted 00:04:54 (3416 turns).

MisterFreud the Slasher (Octopode Gladiator)        Turns: 3416, Time: 00:04:54

Health: -13/72     AC: 23    Str: 15    XL:     7   Next: 58%
Magic:  16/16      EV:  2    Int: 13    God:    Cheibriados [......]
Gold:   143        SH:  0    Dex: 14    Spells: 6/6 levels left

rFire    + . .     SeeInvis .   a - +0 long sword
rCold    . . .     Gourm    .   (no shield)
rNeg     + + +     Faith    .   (helmet currently unavailable)
rPois    +         Spirit   .   (no amulet)
rElec    .         Reflect  .   i - ring of protection from fire
rCorr    .         Harm     .   f - ring of magical power
MR       .....     NoTele   +   r - ring of wizardry
Stlth    +.........             (no ring)
HPRegen  0.22/turn              (no ring)
MPRegen  0.15/turn              (no ring)
                                (no ring)
                                (no ring)

@: tree-form, slow
A: almost no armour, stealthy swim, (amphibious), 8 rings, (constrict 8)
a: Bend Time, Renounce Religion


You were on level 4 of the Dungeon.
You worshipped Cheibriados.
Cheibriados was noncommittal.
You were not hungry.
You were a tree.
You visited 1 branch of the dungeon, and saw 4 of its levels.

You collected 143 gold pieces.

Inventory:

Hand Weapons
 a - a +0 long sword (weapon)
Missiles
 c - 3 throwing nets (quivered)
 e - 55 stones
 g - 21 bolts
 k - 28 sling bullets
 u - 12 arrows
Armour
 s - a +0 kite shield
 v - a +1 hat (melded)
Jewellery
 f - a ring of magical power (right branch)
 i - a ring of protection from fire (left branch)
 r - a ring of wizardry (on tentacle)
Wands
 b - a wand of enslavement (11)
 m - a wand of flame (36)
Scrolls
 h - a scroll of remove curse
 o - a scroll of teleportation
Comestibles
 d - 3 rations


   Skills:
 - Level 4.0 Fighting
 - Level 6.0 Long Blades
 - Level 2.0 Throwing
 + Level 5.8 Dodging


You had 6 spell levels left.
You didn't know any spells.
Your spell library contained the following spells:

 Spells                   Type           Power        Failure   Level  Hunger
 Confusing Touch          Hex            #.......     34%         3    ####...
 Gell's Gravitas          Tloc           #.........   34%         3    ####...
 Petrify                  Tmut/Erth      #.......     73%         4    #####..
 Metabolic Englaciation   Hex/Ice        #.........   96%         5    ######.
 Yara's Violent Unravell  Hex/Tmut       #.........   96%         5    ######.


Dungeon Overview and Level Annotations

Branches:
Dungeon (4/15)
 Temple: D:4-7

Altars:
Cheibriados
Kikubaaqudgha
Nemelex Xobeh
Qazlal


Innate Abilities, Weirdness & Mutations

You cannot wear most types of armour.
You are very stealthy in the water. (Stealth+)
((You are amphibious.))
You can wear up to eight rings at the same time.
((You can use your tentacles to constrict eight enemies at once.))
((Your skin changes colour to match your surroundings (Stealth+).))
((Your rubbery body absorbs attacks. (AC +1, EV +1)))


Message History

The orc hits you but does no damage. Something hits you but does no damage.
The orc hits you but does no damage.
You hear some strange, mumbled words.
You are confused.
The orc hits you but does no damage. Something hits you but does no damage.
The orc hits you but does no damage. Something hits you but does no damage.
The orc hits you.
* * * LOW HITPOINT WARNING * * *
Something hits you but does no damage. The orc hits you but does no damage.
Something hits you but does no damage.
You feel less confused. The orc hits you but does no damage.
Something hits you.
* * * LOW HITPOINT WARNING * * *
The orc hits you but does no damage. Something hits you but does no damage.
The orc hits you but does no damage. Something hits you but does no damage.
The orc barely misses you. Something hits you but does no damage.
The orc barely misses you.
You riposte.
You slash the orc!
The orc explodes!
The fiery explosion engulfs you! You resist.
You die...

.. ..# #...
#.... .....## .
....... ...
##.....#####....
.......{)..!....
##....$§♣.......
##...§§§.######
##...§§##
###..## ##.# #.#
#.. ##


There were no monsters in sight!

Vanquished Creatures
  Sigmund (D:2)
  A hungry ghost (D:3)
  A hound (D:4)
  2 orc priests (D:3)
  Jessica (D:2)
  Ijyb (D:3)
  A worker ant (D:4)
  Natasha (thrice) (D:2)
  An orc wizard (D:4)
  4 adders (D:3)
  2 oozes (D:3)
  2 worms
  3 dart slugs
  2 leopard geckos
  5 orcs
  4 bats
  A giant cockroach (D:2)
  5 goblins
  8 hobgoblins
  8 jackals
  3 kobolds
  2 quokkas (D:3)
  3 ball pythons
  3 frilled lizards
  7 rats
74 creatures vanquished.

Vanquished Creatures (others)
  A kobold (D:3)
1 creature vanquished.

Grand Total: 75 creatures vanquished

Notes
Turn   | Place    | Note
-------+----------+-------------------------------------------
     0 | D:1      | MisterFreud the Octopode Gladiator began the quest for the
                  | Orb.
     0 | D:1      | Reached XP level 1. HP: 14/14 MP: 1/1
   159 | D:1      | Reached XP level 2. HP: 13/20 MP: 2/2
   914 | D:2      | Noticed Jessica
   921 | D:2      | Killed Jessica
   921 | D:2      | Reached XP level 3. HP: 25/27 MP: 3/3
  1067 | D:2      | Noticed Natasha
  1071 | D:2      | Killed Natasha
  1071 | D:2      | Reached XP level 4. HP: 18/33 MP: 4/4
  1098 | D:2      | Noticed Natasha
  1104 | D:2      | Killed Natasha
  1104 | D:2      | Reached skill level 4 in Long Blades
  1124 | D:2      | Noticed Natasha
  1289 | D:2      | Noticed Sigmund
  1294 | D:2      | Killed Sigmund
  1294 | D:2      | Reached skill level 5 in Long Blades
  1294 | D:2      | Reached XP level 5. HP: 35/37 MP: 5/5
  1294 | D:2      | Reached XP level 6. HP: 41/43 MP: 6/6
  1491 | D:2      | Found an ancient bone altar of Kikubaaqudgha.
  1851 | D:2      | Killed Natasha
  1957 | D:3      | Reached skill level 6 in Long Blades
  2512 | D:3      | Noticed a hungry ghost
  2531 | D:3      | Killed a hungry ghost
  2531 | D:3      | Reached XP level 7. HP: 15/48 MP: 7/7
  2782 | D:3      | Found a stormy altar of Qazlal.
  2874 | D:3      | Reached skill level 5 in Dodging
  2997 | D:3      | Found a sparkling altar of Nemelex Xobeh.
  3145 | D:3      | Noticed Ijyb
  3156 | D:3      | Killed Ijyb
  3303 | D:3      | Found a snail-covered altar of Cheibriados.
  3313 | D:3      | Became a worshipper of Cheibriados the Contemplative
  3395 | D:4      | HP: 3/72 [orc (1)]
  3404 | D:4      | HP: 3/72 [orc (1)]
  3410 | D:4      | HP: 3/72 [orc (2)]
  3416 | D:4      | Killed from afar by an orc

Illustrated notes

Levels and vault maps discovered:
D:1:      dpeg_arrival_snail, layout_basic
D:2:      layout_loops_corners, kiku_gazebo_pond_becter, uniq_sigmund,
          uniq_jessica, uniq_natasha
D:3:      layout_loops_ring, kennysheep_slug_shrine, grunt_qazlal_clouds,
          nemelex_xobeh_ov_fountains_minmay, uniq_ijyb
D:4:      layout_rooms, serial_co_window_serial, co_window_corner_a,
          co_window_paths_a, co_window_paths_b, co_window_corner_a,
          co_window_of_opportunity_a, co_window_corner_a, co_window_paths_b,
          co_window_unsneaky_path_e, co_window_2corner, co_window_broadway_a,
          glass_columns_a, glass_columns_c, glass_columns_b, serial_shops,
          shop_statue, nicolae_shop_behind_doors, nicolae_shop_behind_doors,
          shop, first_ration

Skill      XL: |  1  2  3  4  5  6  7 |
---------------+----------------------+-----
Fighting       | 3 4 |  4.0
Long Blades    | 5 6 |  6.0
Dodging        | 4 5 |  5.8
Throwing       | |  2.0

Action                   |  1- 3 |  4- 6 |  7- 9 || total
-------------------------+-------+-------+-------++-------
Melee: Long sword        |    34 |    75 |    45 ||   154
       Constrict         |    12 |    18 |     9 ||    39
       Tentacles         |    10 |    16 |     8 ||    34
  Use: Potion            |       |       |     6 ||     6
       Scroll            |       |       |     3 ||     3
 Stab: Sleeping          |     1 |     5 |     2 ||     8
  Eat: Chunk             |       |     6 |     4 ||    10
       Ration            |       |     1 |       ||     1
Armor: Skin              |       |     2 |    55 ||    57
Dodge: Dodged            |    36 |    44 |    40 ||   120
       Rpst.: Long sword |    10 |    20 |    10 ||    40

Table legend:
 A = Non-vault XP
 B = Vault XP
 C = Vault XP percentage of total XP
 D = Non-vault monster count
 E = Vault monster count
 F = Vault count percentage of total count
                 A         B        C        D         E       F
            +---------+---------+-------+---------+---------+-------
      Total |     634 |     324 |  33.8 |      69 |       5 |   6.8
            +---------+---------+-------+---------+---------+-------
        D:1 |      31 |       0 |   0.0 |      17 |       0 |   0.0
        D:2 |     105 |     284 |  73.0 |      18 |       3 |  14.3
        D:3 |     378 |      40 |   9.6 |      29 |       2 |   6.5
        D:4 |     120 |       0 |   0.0 |       5 |       0 |   0.0
            +---------+---------+-------+---------+---------+-------
